 Dungeon Crawl Stone Soup version 0.29.1-13-g9f3cf754e1 (webtiles) character file.

Game seed: 8636708330714191311

4 croobank the Scratcher (level 1, -1/9 HPs)
             Began as a Felid Transmuter on Jan 26, 2023.
             Frozen to death by an endoplasm (3 damage)
             ... on level 1 of the Dungeon.
             The game lasted 00:00:20 (120 turns).

croobank the Scratcher (Felid Transmuter)            Turns: 120, Time: 00:00:21

Health: -1/9       AC:  1    Str:  6    XL:     1   Next: 58%
Magic:  4/4        EV: 17    Int: 14    God:
Gold:   0          SH:  0    Dex: 16    Spells: 3/4 levels left
                                        Lives:  0   Deaths: 0

rFire   . . .      SeeInvis +     - Unarmed
rCold   . . .      Faith    .   (shield unavailable)
rNeg    . . .      Spirit   .   (body armour unavailable)
rPois   .          Reflect  .   (helmet unavailable)
rElec   .          Harm     .   (cloak unavailable)
rCorr   .          Rampage  .   (gloves unavailable)
Will    .....                   (boots unavailable)
Stlth   +.........              (no amulet)
HPRegen 0.03/turn               (no ring)
MPRegen 0.09/turn               (no ring)

@: appendages (expiring), quick
A: horns 2, very small, claws 1, fangs 3, see invisible, speed 1, shaggy fur 1,
stealthy paws, no weapons or thrown items, no armour, multi-lived
a: End Transformation


You were on level 1 of the Dungeon.
You had temporarily grown beastly horns.
You visited 1 branch of the dungeon, and saw 1 of its levels.

Inventory:

Scrolls
 c - a scroll of enchant armour {unknown}
Potions
 a - a potion of lignification
 b - a potion of brilliance {unknown}


   Skills:
 + Level 1.1 Fighting
 + Level 2.8 Dodging
 + Level 3.0 Unarmed Combat
 + Level 2.0 Spellcasting
 + Level 2.3 Transmutations


You had 3 spell levels left.
You knew the following spells:

 Your Spells              Type           Power      Damage    Failure   Level
a - Beastly Appendage     Tmut           14%        N/A       10%         1

Your spell library contained the following spells:

 Spells                   Type           Power      Damage    Failure   Level
 Wereblood                Tmut           7%         N/A       14%         2
 Spider Form              Tmut/Pois      4%         N/A       41%         3
 Ice Form                 Ice/Tmut       4%         N/A       82%         4


Dungeon Overview and Level Annotations

Branches:
Dungeon (1/15)

Altars:


Innate Abilities, Weirdness & Mutations

You have temporarily grown beastly horns.
You have sharp claws.
You have razor-sharp teeth.
You have supernaturally acute eyesight. (SInv)
You cover ground quickly. (Speed+)
You are covered in fur. (AC +1)
Your paws help you pounce on unaware monsters.
You are incapable of wielding weapons or throwing items.
You cannot wear armour.
You gain extra lives every three experience levels.


Message History

You kill the endoplasm!
No target in view!
No target in view!
Your transformation is almost over.
A kobold comes into view. It is wielding a +0 short sword.
Casting: Beastly Appendage (safe; 10% risk of failure)
Confirm with . or Enter, or press ? or * to list all spells.
You extend your transformation's duration.
An endoplasm comes into view.
The kobold hits you with a +0 short sword.
You scratch the kobold.
You kill the kobold!
Your transformation is almost over.
Things that are here:
a +0 short sword; a kobold corpse The endoplasm quivers.
The endoplasm freezes you.
You are frozen.
You barely miss the endoplasm. The endoplasm closely misses you.
You scratch the endoplasm but do no damage.
You claw the endoplasm.
The endoplasm is moderately wounded.
The endoplasm freezes you.
You are frozen.
* * * LOW HITPOINT WARNING * * *
You are too injured to fight recklessly!
You barely miss the endoplasm.
You headbutt the endoplasm, but do no damage.
You bite the endoplasm.
The endoplasm is heavily wounded.
The endoplasm freezes you.
You are frozen.
* * * LOW HITPOINT WARNING * * *
You scratch the endoplasm but do no damage.
You bite the endoplasm.
The endoplasm is heavily wounded.
The endoplasm jiggles.
The endoplasm freezes you.
You are frozen.
You die...

.#.... ###.# .......
....> #....## ##.. #
#.....# #... #. #.....#
#...
#.######.....#####...
###............##.)....
#......................
#..J@..).............
#................(...
#........#...........
.......#####...........
........# #...........
###.....# #########...
#...... ...........
#...... ...........
.........##.


You could see an endoplasm.

Vanquished Creatures
  An endoplasm (D:1)
  A hobgoblin (D:1)
  A frilled lizard (D:1)
  2 kobolds (D:1)
5 creatures vanquished.

Notes
Turn   | Place    | Note
-------+----------+-------------------------------------------
     0 | D:1      | croobank the Felid Transmuter began the quest for the Orb.
     0 | D:1      | Reached XP level 1. HP: 9/9 MP: 4/4
   120 | D:1      | Frozen to death by an endoplasm

Illustrated notes

Levels and vault maps discovered:
D:1:      dpeg_arrival_court, layout_basic, serial_shops, shop,
          hellmonk_ecumenical_altar_inner_sanctum

Action                   || total
-------------------------++-------
Melee: Unarmed           ||    12
       Bite              ||     2
       Headbutt          ||     1
       Punch             ||     1
 Cast: Beastly Appendage ||     4
Armor: Skin              ||     1
Dodge: Dodged            ||     6
